 Dungeon Crawl Stone Soup version 0.28.0-45-g0d030f2227 (webtiles) character file.

Game seed: 14314920263673815671

130 protoss039 the Digger (level 4, -2/34 HPs)
             Began as a Demonspawn Earth Elementalist on May 30, 2022.
             Slain by an adder (3 damage)
             ... on level 4 of the Dungeon.
             The game lasted 00:04:55 (3481 turns).

protoss039 the Digger (DsEE)                        Turns: 3481, Time: 00:04:56

Health: -2/34      AC:  2    Str:  9    XL:     4   Next: 90%
Magic:  7/8        EV: 12    Int: 18    God:
Gold:   155        SH:  0    Dex: 13    Spells: 2/8 levels left

rFire   . . .      SeeInvis .   l - +2 dagger (venom)
rCold   . . .      Faith    .   (no shield)
rNeg    . . .      Spirit   .   b - +0 robe
rPois   .          Reflect  .   (no helmet)
rElec   .          Harm     .   (no cloak)
rCorr   .          Rampage  .   (no gloves)
Will    .....                   (no boots)
Stlth   ++........              (no amulet)
HPRegen 2.11/turn               (no ring)
MPRegen 0.11/turn               (no ring)

@: about to teleport, on berserk cooldown, slowed, very slow
A: powered by death 2
a: no special abilities


You were on level 4 of the Dungeon.
You visited 1 branch of the dungeon, and saw 4 of its levels.

You collected 155 gold pieces.

Inventory:

Hand Weapons
 l - a +2 dagger of venom (weapon)
 n - a +2 dagger of speed
Missiles
 c - 80 stones
Armour
 b - a +0 robe (worn)
Scrolls
 e - a scroll of brand weapon
 h - 2 scrolls of enchant armour {unknown}
 i - 2 scrolls of silence {unknown}
 j - a scroll of summoning {unknown}
 k - a scroll of blinking {unknown}
 m - a scroll of holy word {unknown}
 o - a scroll of immolation {unknown}


   Skills:
 * Level 2.7 Fighting
 + Level 1.4 Armour
 - Level 1.7 Dodging
 - Level 1.7 Stealth
 + Level 2.7 Spellcasting
 * Level 0.6 Conjurations
 - Level 1.0 Transmutations
 + Level 3.2 Earth Magic


You had 2 spell levels left.
You knew the following spells:

 Your Spells              Type           Power      Damage    Failure   Level
a - Sandblast             Erth           28%        2d8       4%          1
b - Passwall              Tmut/Erth      8%         N/A       11%         2
c - Stone Arrow           Conj/Erth      18%        3d8       22%         3

Your spell library contained the following spells:

 Spells                   Type           Power      Damage    Failure   Level
 Petrify                  Tmut/Erth      10%        N/A       56%         4


Dungeon Overview and Level Annotations

Branches:
Dungeon (4/15)
 Temple: D:4-7

Altars:


Innate Abilities, Weirdness & Mutations

You regenerate health from kills.


Message History

The orc wizard is severely wounded.
The orc wizard hits you with a +0 dagger.
Unknown command.
The iguana barely misses you.
Unknown command.
You bump into the rock wall.
You feel a strong urge to attack something.
The orc wizard hits you but does no damage.
Unknown command.
You bump into the rock wall.
The iguana barely misses you. The orc wizard misses you.
Unknown command.
You're too confused to move!
You feel your anger nearly subside.
You are no longer berserk.
You are exhausted.
You feel yourself slow down. The iguana closely misses you.
Unknown command.
Unknown command.
Unknown command.
It was a potion of magic.
Magic courses through your body.
You feel less confused.
The orc wizard gestures at you while chanting.
The magic dart hits you. The iguana misses you.
The orc wizard casts a spell at you. The puff of flame hits you!
* * * LOW HITPOINT WARNING * * *
Unknown command.
As you read the scroll labelled XUQUSESIMA, it crumbles to dust.
It is a scroll of identify.
e - a scroll of brand weapon You kill the orc wizard!
The iguana misses you. The adder misses you.
The iguana bites you but does no damage.
Unknown command.
As you read the scroll labelled HUJEN ICAWESEA, it crumbles to dust.
You feel strangely unstable.
It was a scroll of teleportation.
The adder bites you.
* * * LOW HITPOINT WARNING * * *
The adder bites you.
You die...

# .. .. # #..≈
≈..# #.#. .#.# ..≈
≈.. ..#.. .o. ..
####o# #.####.#Sl#
#.#.....@.######
#.#.##.##......#
#...##.##.####.###
#.#....##.........
#.##
#...).###.####.###
...# ##.##.#
#.####.# ...#
#.##.# #......#
...#
###.##.##########
...#####.......#


You could see an iguana, an adder and 2 orcs.

Vanquished Creatures
  Jessica (D:2)
  An orc wizard (D:4)
  2 adders
  A worm (D:2)
  2 dart slugs (D:1)
  2 bats (D:1)
  3 endoplasms
  3 giant cockroaches
  9 goblins
  6 hobgoblins
  5 jackals
  3 kobolds
  A quokka (D:1)
  3 ball pythons
  3 frilled lizards
  5 rats
50 creatures vanquished.

Vanquished Creatures (others)
  4 fungi (D:3)
  5 toadstools (D:3)
9 creatures vanquished.

Grand Total: 59 creatures vanquished

Notes
Turn   | Place    | Note
-------+----------+-------------------------------------------
     0 | D:1      | protoss039 the Demonspawn Earth Elementalist began the
                  | quest for the Orb.
     0 | D:1      | Reached XP level 1. HP: 13/13 MP: 3/3
   196 | D:1      | Reached skill level 1 in Transmutations
   342 | D:1      | Found a faded altar of an unknown god.
   477 | D:1      | Gained mutation: You regenerate a little health from kills.
                  | [demonic ancestry]
   477 | D:1      | Reached XP level 2. HP: 20/20 MP: 5/5
   762 | D:1      | Reached skill level 1 in Fighting
  1463 | D:1      | Learned a level 2 spell: Passwall
  1706 | D:2      | Noticed Jessica
  1715 | D:2      | Killed Jessica
  1716 | D:2      | Reached skill level 1 in Armour
  1716 | D:2      | Reached skill level 3 in Earth Magic
  1716 | D:2      | Reached XP level 3. HP: 17/27 MP: 0/6
  2302 | D:2      | Gained mutation: You regenerate health from kills. [demonic
                  | ancestry]
  2302 | D:2      | Reached XP level 4. HP: 33/33 MP: 4/7
  2770 | D:2      | Learned a level 3 spell: Stone Arrow
  3481 | D:4      | HP: 1/34 [adder (5)]
  3481 | D:4      | Slain by an adder

Illustrated notes

Levels and vault maps discovered:
D:1:      psy_arrival_basics, layout_basic, chequers_ecumenical_altar_island,
          hangedman_glass_teeth, item_on_display_a
D:2:      layout_loops_ring, uniq_jessica
D:3:      layout_basic, minivault_11, minmay_gold_behind_fungi
D:4:      layout_loops_cross, nicolae_hepliaklqana_monster_ancestors,
          grunt_temple_overflow_open, kennysheep_generic_room_10

Skill      XL: |  1  2  3 |
---------------+----------+-----
Transmutations | 1 |  1.0
Fighting       | 1 2 |  2.7
Armour         | 1 |  1.4
Earth Magic    | 3 |  3.2
Dodging        | |  1.7
Stealth        | |  1.7
Spellcasting   | |  2.7
Conjurations   | |  0.6

Action                   |  1- 3 |  4- 6 || total
-------------------------+-------+-------++-------
Melee: Club              |    55 |       ||    55
       Punch             |     1 |       ||     1
       Dagger            |    23 |    46 ||    69
 Cast: Sandblast         |    41 |     5 ||    46
       Passwall          |     2 |       ||     2
  Use: Scroll            |       |     2 ||     2
       Potion            |       |     2 ||     2
 Stab: Sleeping          |     4 |     1 ||     5
Armor: Robe              |    23 |     4 ||    27
Dodge: Dodged            |    85 |    30 ||   115
